 Dungeon Crawl Stone Soup version 0.23.2 (webtiles) character file.

Game seed: 130950813239229066

203 lysyklops the Covered (level 5, -6/47 HPs)
             Began as a Minotaur Fighter on Apr 6, 2019.
             Mangled by a crocodile (12 damage)
             ... in a sewer.
             The game lasted 00:04:09 (1838 turns).

lysyklops the Covered (Minotaur Fighter)            Turns: 1838, Time: 00:04:09

Health: -6/47      AC:  7    Str: 22    XL:     5   Next: 51%
Magic:  0/4        EV:  7    Int:  5    God:
Gold:   91         SH:  9    Dex:  9    Spells: 4/4 levels left

rFire    . . .     SeeInvis .   a - +0 war axe
rCold    . . .     Gourm    .   c - +0 shield
rNeg     . . .     Faith    .   b - +0 scale mail
rPois    .         Spirit   +   (helmet restricted)
rElec    .         Reflect  .   p - scarf {Spirit}
rCorr    .         Harm     .   (no gloves)
MR       .....                  (no boots)
Stlth    ..........             (no amulet)
HPRegen  0.15/turn              (no ring)
MPRegen  0.09/turn              (no ring)

@: no status effects
A: retaliatory headbutt, horns 2
a: no special abilities


You were in a sewer.
You were very hungry.

You visited 1 branch of the dungeon, and saw 3 of its levels.
You also visited: Sewer.

You collected 91 gold pieces.

Inventory:

Hand Weapons
 a - a +0 war axe (weapon)
Armour
 b - a +0 scale mail (worn)
 c - a +0 shield (worn)
 p - a scarf of spirit shield (worn)
Jewellery
 l - an uncursed ring of protection from cold {unknown}
 r - an uncursed ring of positive energy {unknown}
Wands
 q - a wand of polymorph (5)
Scrolls
 e - 6 scrolls of identify {unknown}
 g - 3 scrolls of teleportation {unknown}
 j - 2 scrolls of remove curse {unknown}
 k - a scroll of fog {unknown}
 m - a scroll of enchant weapon {unknown}
Potions
 d - a potion of might
 h - a potion of curing {unknown}
 i - a potion of flight {unknown}
 n - a potion of heal wounds {unknown}
 o - 2 potions of mutation {unknown}
Comestibles
 f - 4 rations


   Skills:
 + Level 4.8 Fighting
 + Level 4.1 Axes
 + Level 5.0 Armour
 + Level 4.8 Shields


You had 4 spell levels left.
You didn't know any spells.
Your spell library was empty.

Dungeon Overview and Level Annotations

Branches:
Dungeon (3/15)

Altars:
Qazlal
Ru


Innate Abilities, Weirdness & Mutations

You reflexively headbutt those who attack you in melee.
You have a pair of horns on your head.


Message History

You hit the crocodile but do no damage.
The crocodile is lightly wounded.
The crocodile bites you!
You hit the crocodile.
The crocodile is moderately wounded.
The crocodile bites you.
* * * LOW HITPOINT WARNING * * *
The crocodile bites you.
* * * LOW HITPOINT WARNING * * *
You slash the crocodile!
The crocodile is severely wounded.
The crocodile bites you.
* * * LOW HITPOINT WARNING * * *
You hit the crocodile. Your headbutt misses the crocodile.
The crocodile is severely wounded.
You block the crocodile's attack.
You hit the crocodile.
The crocodile is almost dead.
The crocodile bites you!
You die...

..... ... ... ...
#.# ####### #.#
##.....## #t#
##...≈...#
#@#######...≈≈≈...
#..........≈≈≈≈≈.∩
#.#######...≈≈≈...
#.# ##...≈...# #.#
##.....## #.#
####### #.# #.#
#.#


You could see a crocodile.

Vanquished Creatures
  A jelly (D:1)
  An orc wizard (D:2)
  3 adders
  2 oozes
  A worm (D:1)
  2 dart slugs
  2 leopard geckos
  An orc (D:3)
  11 bats
  10 giant cockroaches
  8 goblins
  8 hobgoblins
  14 jackals
  5 kobolds
  2 quokkas (D:2)
  7 frilled lizards
  14 rats
92 creatures vanquished.

Notes
Turn   | Place    | Note
-------+----------+-------------------------------------------
     0 | D:1      | lysyklops the Minotaur Fighter began the quest for the Orb.
     0 | D:1      | Reached XP level 1. HP: 19/19 MP: 0/0
     1 | D:1      | Found a runed translucent door.
     4 | D:1      | Noticed a jelly
    37 | D:1      | Reached XP level 2. HP: 22/27 MP: 1/1
    40 | D:1      | Reached skill level 4 in Armour
    47 | D:1      | Reached XP level 3. HP: 28/33 MP: 2/2
   194 | D:1      | Reached XP level 4. HP: 39/41 MP: 3/3
   638 | D:2      | Found a sacrificial altar of Ru.
   706 | D:2      | Found a stormy altar of Qazlal.
   909 | D:2      | Reached XP level 5. HP: 47/47 MP: 4/4
  1661 | D:3      | Found a glowing drain.
  1689 | Sewer    | Entered a sewer
  1693 | Sewer    | Reached skill level 5 in Armour
  1825 | Sewer    | Noticed a crocodile
  1838 | Sewer    | Mangled by a crocodile

Skill      XL: |  1  2  3  4  5 |
---------------+----------------+-----
Armour         | 4 5 |  5.0
Fighting       | 4 |  4.8
Axes           | 3 4 |  4.1
Shields        | 4 |  4.8

Action                   |  1- 3 |  4- 6 || total
-------------------------+-------+-------++-------
Melee: War axe           |    45 |   164 ||   209
       Headbutt          |     5 |    19 ||    24
Evoke: Wand              |       |     4 ||     4
 Stab: Paralysed         |       |     1 ||     1
  Eat: Chunk             |       |     2 ||     2
Armor: Scale mail        |    17 |    86 ||   103
Dodge: Dodged            |    11 |    58 ||    69
Block: Shield            |    20 |    98 ||   118
